 Dungeon Sprint DCSS version 0.16-a0-3807-g3748f16 (webtiles) character file.

8232 BluebellGnoll the Warrior (level 11, -2/199 (202) HPs)
             Began as an Ogre Gladiator on Jan 27, 2015.
             Was the Champion of Makhleb.
             Succumbed to poison (dark miasma)
             ... in the Dungeon (Sprint V: "Ziggurat Sprint").
             The game lasted 00:11:08 (483 turns).

BluebellGnoll the Warrior (Ogre Gladiator)           Turns: 483, Time: 00:11:08

HP:   -2/199 (202)  AC: 22    Str: 30 (34) XL:     11   Next: 27%
MP:   25/26         EV:  0    Int:  7      God:    Makhleb [******]
Gold: 0             SH: 31    Dex: 18      Spells: 0 memorised, 10 levels left

rFire  + . .     SeeInvis .     u - +6 shillelagh "Devastator" {shatter} (curse)
rCold  + . .     Clarity  .     K - +5 gold dragon armour
rNeg   + . .     SustAb   .     r - +18 shield of the gong {rElec rN+ MR+ EV-5}
rPois  +         Gourm    .     c - +0 hat
rElec  +         Spirit   .     (no cloak)
rCorr  .         Warding  .     (gloves unavailable)
rMut   .         NoTele   +     (boots unavailable)
MR     ++...                    (no amulet)
Stlth  ..........               q - +6 ring of dexterity
                                v - +6 ring of strength

@: berserking (expiring), lethally poisoned, non-regenerating, rotting, badly
diseased, slowed, very resistant to hostile enchantments, extremely unstealthy
A: unfitting armour, tough skin 1
a: Minor Destruction, Lesser Servant of Makhleb, Major Destruction, Greater
Servant of Makhleb, Renounce Religion


You were in the Dungeon.
You worshipped Makhleb.
Makhleb was exalted by your worship.
You were not hungry.

You visited 1 branch

Inventory:

Hand weapons
 u - the cursed +6 shillelagh "Devastator" (weapon) {shatter}
   (You found it in the Dungeon)

   It has a curse placed upon it.
 L - a cursed +5 demon whip of flaming
Missiles
 d - 3 throwing nets (quivered)
Armour
 c - a +0 hat (worn)
 r - the +18 shield of the gong (worn) {rElec rN+ MR+ EV-5}
   (You found it in the Dungeon)

   It affects your evasion (-5).
   It insulates you from electricity.
   It protects you from negative energy.
   It affects your resistance to hostile enchantments.
 K - a +5 gold dragon armour (worn)
Magical staves
 p - an uncursed staff of energy
Jewellery
 q - a +6 ring of dexterity (right hand)
 s - a +6 ring of intelligence
 t - a +6 ring of intelligence
 v - a +6 ring of strength (left hand)
 x - an uncursed ring of protection from cold
 N - an uncursed ring of sustain abilities
 Q - the ring "Noluvucs" {+Blink rPois+ rF- Str+6 SInv}
   (You found it in the Dungeon)

   [ring of see invisible]

   It affects your strength (+6).
   It makes you vulnerable to fire.
   It protects you from poison.
   It enhances your eyesight.
   It lets you blink.
 R - the ring of Yno Nile {rC+ rN+}
   (You found it in the Dungeon)

   [ring of positive energy]

   It protects you from cold.
   It protects you from negative energy.
 T - an uncursed ring of protection from fire
Magical devices
 l - a wand of disintegration (5)
 m - a wand of fire (7)
 n - a wand of cold (5)
 o - a wand of draining (6)
Scrolls
 k - 4 scrolls of blinking
 w - 4 scrolls of amnesia
 y - 7 scrolls of fog
 z - a scroll of holy word
 A - 5 scrolls of identify
 B - 5 scrolls of remove curse
 C - 2 scrolls of fear
Potions
 e - 10 potions of curing
 g - 10 potions of heal wounds
 h - 8 potions of haste
 i - 7 potions of magic
 j - 2 potions of berserk rage
 D - 2 potions of brilliance
 E - 2 potions of invisibility
 F - 2 potions of restore abilities
 G - 4 potions of resistance
 I - 5 potions of agility
 J - 5 potions of might
Miscellaneous
 H - a lamp of fire
 P - a lamp of fire
 S - a lamp of fire
 U - a plain deck of defence {drawn: 1}
Comestibles
 a - 42 fruits
 b - 4 bread rations
 f - 5 meat rations
 M - 5 poisonous chunks of flesh
 O - 11 chunks of flesh


   Skills:
 - Level 15.9 Fighting
 - Level 14.4 Maces & Flails
 - Level 2.1 Throwing
 + Level 9.0 Armour
 - Level 2.6 Dodging
 - Level 10.3 Shields
 - Level 12.0 Invocations
 - Level 9.4 Evocations


You had 10 spell levels left.
You didn't know any spells.

Dungeon Overview and Level Annotations

Branches:
Dungeon (1/1)

Altars:
Ashenzari
Cheibriados
Dithmenos
Elyvilon
Fedhas
Gozag
Kikubaaqudgha
Makhleb
Nemelex Xobeh
Okawaru
Qazlal
Ru
Sif Muna
Trog
Vehumet
Xom
Yredelemnul
Zin
The Shining One
Beogh
Jiyva
Lugonu


Innate Abilities, Weirdness & Mutations

You are too large for most types of armour.
You have tough skin (AC +1).


Message History

The greater mummy is almost destroyed.
You feel your flesh rotting away.
* * * LOW HITPOINT WARNING * * *
You feel very sick.
The greater mummy gestures wildly while chanting.
You block the red devil's attack.
PANG!
You block the shadow's attack.
GONNNNG!
The ice devil hits you but does no damage.
The emperor scorpion is engulfed in negative energy.
The emperor scorpion is drained!
You block the emperor scorpion's attack.
SHROANNG!
You block the emperor scorpion's attack.
BOUMMMMG!
The emperor scorpion claws you but does no damage.
Your gold dragon armour prevents you from hitting the greater mummy.
The greater mummy is almost destroyed.
You die...

▓▓▓▓▓▓▓▓▓▓▓▓▓▓▓▓▓▓▓
▓...8©8. ▓..?".."..
▓...:[/...▓
▓.........▓
▓.........▓
▓44M§.....▓
▓..M3.....▓
▓.▓@W...▓.▓
▓.s.......▓
▓▓▓▓▓▓▓▓▓▓▓


You could see a greater mummy, an emperor scorpion, a mummy priest, an ice
devil, a rust devil, a red devil and a shadow.

Vanquished Creatures
  A thrashing horror (D)
  3 deep elf knights (D)
  A shining eye (D)
  A rust devil (D)
  4 efreet (D)
  A guardian mummy (D)
  4 merfolk (D)
  2 slime creatures (D)
  2 ushabtiu (D)
  A shadow (D)
  2 tarantellas (D)
  A fire elemental (D)
  3 air elementals (D)
  A golden eye (D)
  A deep elf fighter (D)
  3 insubstantial wisps (D)
  2 porcupines (D)
  A hell hound (D)
  An eye of draining (D)
  A small abomination (D)
  A jelly (D)
  An iron imp (D)
  An iguana (D)
  A sheep (D)
  2 mummies (D)
  An adder (D)
  A river rat (D)
  2 giant mites (D)
  A bat skeleton (D)
  A jackal (D)
  A quokka (D)
  3 fungi (D)
52 creatures vanquished.

Vanquished Creatures (collateral kills)
  A mummy priest (D)
  An eye of devastation (D)
2 creatures vanquished.

Vanquished Creatures (others)
  A fire elemental (D)
1 creature vanquished.

Grand Total: 55 creatures vanquished

Notes
Turn   | Place    | Note
--------------------------------------------------------------
     0 | D        | BluebellGnoll, the Ogre Gladiator, began the quest for the Orb.
     0 | D        | Reached XP level 1. HP: 22/22 MP: 1/1
     0 | D        | Found a viscous altar of Jiyva.
     0 | D        | Found a corrupted altar of Lugonu.
     0 | D        | Found a white marble altar of Elyvilon.
     2 | D        | Found a sparkling altar of Nemelex Xobeh.
     2 | D        | Found a burning altar of Makhleb.
     3 | D        | Found a deep blue altar of Sif Muna.
     3 | D        | Found a bloodstained altar of Trog.
     7 | D        | Found an iron altar of Okawaru.
    16 | D        | Found a radiant altar of Vehumet.
    37 | D        | Found a basalt altar of Yredelemnul.
    47 | D        | Found a shimmering altar of Xom.
    59 | D        | Became a worshipper of Makhleb the Destroyer
    60 | D        | Reached skill level 6 in Armour
    60 | D        | Reached XP level 2. HP: 29/29 MP: 2/2
    63 | D        | Entered arena 1.
    63 | D        | Noticed a deep elf fighter
    71 | D        | Killed a deep elf fighter
    71 | D        | Reached skill level 11 in Maces & Flails
    71 | D        | Reached XP level 3. HP: 36/36 MP: 3/3
    71 | D        | Reached XP level 4. HP: 44/44 MP: 4/4
    71 | D        | Reached XP level 5. HP: 50/50 MP: 5/5
    87 | D        | Entered arena 2.
    87 | D        | Noticed a thrashing horror
    87 | D        | Noticed a small abomination
    87 | D        | Noticed an iron imp
    93 | D        | Killed a thrashing horror
    93 | D        | Reached skill level 15 in Fighting
    93 | D        | Reached XP level 6. HP: 78/91 MP: 6/6
    93 | D        | Reached XP level 7. HP: 84/98 MP: 7/7
    93 | D        | Killed a small abomination
    93 | D        | Acquired Makhleb's first power
    95 | D        | Killed an iron imp
    95 | D        | Reached XP level 8. HP: 92/110 MP: 8/8
   258 | D        | Entered arena 3.
   258 | D        | Noticed a tarantella
   258 | D        | Noticed a tarantella
   260 | D        | Acquired Makhleb's second power
   261 | D        | Killed a tarantella
   264 | D        | Killed a tarantella
   264 | D        | Reached skill level 5 in Shields
   273 | D        | Entered arena 4.
   273 | D        | Noticed a merfolk
   273 | D        | Noticed a merfolk
   273 | D        | Noticed a merfolk
   273 | D        | Noticed a merfolk
   278 | D        | Killed a merfolk
   278 | D        | Acquired Makhleb's third power
   280 | D        | Killed a merfolk
   281 | D        | Killed a merfolk
   281 | D        | Reached XP level 9. HP: 118/118 MP: 9/9
   281 | D        | Killed a merfolk
   281 | D        | Acquired Makhleb's fourth power
   281 | D        | Reached skill level 10 in Shields
   293 | D        | Identified the Incunabulum of Sinister Rituals (You found it in the Dungeon)
   295 | D        | Entered arena 5.
   295 | D        | Noticed a deep elf knight
   295 | D        | Noticed a deep elf knight
   295 | D        | Noticed a deep elf knight
   302 | D        | Killed a deep elf knight
   302 | D        | Killed a deep elf knight
   302 | D        | Reached skill level 10 in Invocations
   303 | D        | Killed a deep elf knight
   303 | D        | Acquired Makhleb's fifth power
   303 | D        | Reached XP level 10. HP: 127/127 MP: 9/25
   317 | D        | Identified Further Steps in Wizardry (You found it in the Dungeon)
   318 | D        | Entered arena 6.
   318 | D        | Noticed an air elemental
   318 | D        | Noticed an air elemental
   318 | D        | Noticed an insubstantial wisp
   318 | D        | Noticed an air elemental
   318 | D        | Noticed an insubstantial wisp
   318 | D        | Noticed an insubstantial wisp
   323 | D        | Killed an air elemental
   335 | D        | Killed an insubstantial wisp
   347 | D        | Killed an air elemental
   351 | D        | Killed an air elemental
   351 | D        | Reached skill level 5 in Evocations
   353 | D        | Killed an insubstantial wisp
   361 | D        | Killed an insubstantial wisp
   363 | D        | Got the ring "Noluvucs" {+Blink rPois+ rF- Str+6 SInv}
   369 | D        | Got the ring of Yno Nile {rC+ rN+}
   374 | D        | Entered arena 7.
   374 | D        | Noticed an efreet
   374 | D        | Noticed a hell hound
   374 | D        | Noticed an efreet
   374 | D        | Noticed a fire elemental
   374 | D        | Noticed an efreet
   374 | D        | Noticed an efreet
   377 | D        | Killed a fire elemental
   378 | D        | Killed an efreet
   378 | D        | Killed an efreet
   381 | D        | Killed a hell hound
   386 | D        | Killed an efreet
   391 | D        | Killed an efreet
   403 | D        | Entered arena 8.
   403 | D        | Noticed an eye of devastation
   403 | D        | Noticed a golden eye
   403 | D        | Noticed a jelly
   403 | D        | Noticed a slime creature
   403 | D        | Noticed an eye of draining
   403 | D        | Noticed a slime creature
   403 | D        | Noticed a shining eye
   405 | D        | Killed a jelly
   405 | D        | Killed a golden eye
   406 | D        | Killed a slime creature
   406 | D        | Killed a shining eye
   409 | D        | Killed an eye of draining
   410 | D        | Killed an eye of devastation
   410 | D        | Reached XP level 11. HP: 135/135 MP: 12/26
   411 | D        | Killed a slime creature
   434 | D        | Entered arena 9.
   434 | D        | Noticed a porcupine
   434 | D        | Noticed a porcupine
   434 | D        | Noticed an iguana
   435 | D        | Killed a porcupine
   435 | D        | Killed an iguana
   436 | D        | Killed a porcupine
   463 | D        | Entered arena 10.
   463 | D        | Noticed a guardian mummy
   463 | D        | Noticed a mummy priest
   463 | D        | Noticed an ushabti
   463 | D        | Noticed a greater mummy
   463 | D        | Noticed a mummy priest
   463 | D        | Noticed an ushabti
   467 | D        | Noticed a jiangshi
   469 | D        | Noticed an ice devil
   469 | D        | Killed a mummy priest
   470 | D        | Killed a guardian mummy
   478 | D        | Noticed an emperor scorpion
   478 | D        | Killed an ushabti
   479 | D        | HP: 6/201 [mummy priest/divine providence (11)]
   480 | D        | HP: 2/201 [poison (dark miasma)]
   481 | D        | Killed an ushabti
   483 | D        | Succumbed to poison (dark miasma)

Action                   |  1- 3 |  4- 6 |  7- 9 | 10-12 || total
-------------------------+-------+-------+-------+-------++-------
Melee: Shillelagh        |     3 |     4 |    16 |    70 ||    93
Throw: Throwing net      |     2 |       |       |       ||     2
Invok: Major Destruction |       |       |       |     3 ||     3
Evoke: Wand              |       |     3 |     4 |     6 ||    13
       Lamp of fire      |       |       |       |     2 ||     2
       Deck              |       |       |       |     1 ||     1
  Use: Potion            |     1 |     1 |       |       ||     2
       Scroll            |       |       |       |     5 ||     5
